 Dungeon Crawl Stone Soup version 0.30.1-3-gfc49f6343a (webtiles) character file.

Game seed: 9600865872080044234

3362 spardeous the Destroyer (level 9, -19/62 HPs)
             Began as a Demigod Conjurer on Aug 5, 2023.
             Demolished by a two-headed ogre
             ... wielding a +0 giant club
              (24 damage)
             ... on level 8 of the Dungeon.
             The game lasted 00:11:15 (9205 turns).

spardeous the Destroyer (Demigod Conjurer)          Turns: 9205, Time: 00:11:16

Health: -19/62     AC:  8    Str: 12    XL:     9   Next: 45%
Magic:  23/34      EV: 12    Int: 34    God:
Gold:   365        SH:  5    Dex: 12    Spells: 17/24 levels left

rFire   . . .        D - +0 war axe
rCold   . . .        (no shield)
rNeg    . . .        L - +0 steam dragon scales
rPois   .            (no helmet)
rElec   .            N - +0 cloak
rCorr   .            R - +0 pair of gloves
SInv    .            A - +0 pair of boots
Will    .....        s - amulet of reflection
Stlth   ++           Q - ring of magical power
HPRegen 0.30/turn    F - +6 ring of intelligence
MPRegen 0.24/turn

%: reflection
@: no status effects
A: high MP 1, forlorn, divine attributes
a: no special abilities


You were on level 8 of the Dungeon.
You visited 1 branch of the dungeon, and saw 8 of its levels.
You also visited: Sewer.

You collected 365 gold pieces.

Inventory:

Hand Weapons
 D - a +0 war axe (weapon)
Armour
 A - a +0 pair of boots (worn)
 L - +0 steam dragon scales (worn)
 N - a +0 cloak (worn)
 R - a +0 pair of gloves (worn)
Jewellery
 d - a +4 ring of slaying
 g - a ring of resist corrosion
 s - an amulet of reflection (around neck)
 F - a +6 ring of intelligence (right hand)
 G - a ring of poison resistance
 P - an amulet of guardian spirit
 Q - a ring of magical power (left hand)
Scrolls
 c - 5 scrolls of teleportation {unknown}
 f - 8 scrolls of identify {unknown}
 i - a scroll of vulnerability {unknown}
 l - a scroll of silence {unknown}
 p - a scroll of poison {unknown}
 q - 6 scrolls of immolation {unknown}
 r - a scroll of amnesia {unknown}
 t - a scroll of fear {unknown}
 x - 2 scrolls of noise {unknown}
 B - 2 scrolls of enchant weapon {unknown}
 H - a scroll of acquirement {unknown}
 I - a scroll of magic mapping {unknown}
 K - a scroll of torment {unknown}
 M - a scroll of enchant armour {unknown}
 O - a scroll of summoning {unknown}
Potions
 b - 2 potions of magic
 e - 3 potions of attraction {unknown}
 h - 4 potions of degeneration {unknown}
 j - 3 potions of might {unknown}
 m - 4 potions of mutation {unknown}
 n - a potion of berserk rage {unknown}
 o - 4 potions of haste {unknown}
 u - 5 potions of heal wounds {unknown}
 v - 2 potions of resistance {unknown}
 w - 3 potions of curing {unknown}
 z - 2 potions of flight {unknown}
 C - 2 potions of lignification {unknown}
 J - a potion of brilliance {unknown}


   Skills:
 - Level 1.7 Dodging
 - Level 1.7 Stealth
 + Level 8.4 Spellcasting
 + Level 9.8 Conjurations


You had 17 spell levels left.
You knew the following spells:

 Your Spells              Type           Power      Damage    Failure   Level
a - Magic Dart            Conj           100%       1d8       1%          1
b - Searing Ray           Conj           100%       2d8       1%          2
c - Iskenderun's Mystic   Conj/Tloc      47%        2d10      4%          4

Your spell library contained the following spells:

 Spells                   Type           Power      Damage    Failure   Level
 Dazzling Flash           Conj/Hex       94%        N/A       1%          3
 Summon Small Mammal      Summ           56%        N/A       3%          1
 Cigotuvi's Dreadful Rot  Necr/Pois/Air  28%        N/A       4%          2
 Fulminant Prism          Conj/Hex       23%        3d12      4%          4
 Call Canine Familiar     Summ           14%        N/A       10%         3
 Ozocubu's Armour         Ice            14%        N/A       10%         3
 Summon Guardian Golem    Hex/Summ       14%        N/A       10%         3
 Dispel Undead            Necr           14%        3d10      30%         4
 Orb of Destruction       Conj           34%        9d10      43%         7
 Metabolic Englaciation   Hex/Ice        7%         N/A       65%         5
 Summon Forest            Summ/Tloc      7%         N/A       65%         5
 Spellforged Servitor     Conj/Summ      23%        N/A       98%         7
 Death Channel            Necr           7%         N/A       99%         6
 Simulacrum               Ice/Necr       7%         N/A       99%         6
 Summon Hydra             Summ           7%         N/A       100%        7
 Ignition                 Fire           7%         3d4       100%        8


Dungeon Overview and Level Annotations

Branches:
Dungeon (8/15)             Temple (0/1) D:4           Sewer (visited)
   Lair: D:8-11

Annotations:
D:3 3 runed translucent doors, OlManJenkins's ghost, amateur DjIE
D:8 Gastronok


Innate Abilities, Weirdness & Mutations

You have an increased reservoir of magic. (+10% MP)
You shall have no god before yourself.
Your divine heritage dramatically boosts your attributes as you level up.


Message History

Confirm with . or Enter, or press ? or * to list all spells.
Aiming: Searing Ray (safe; 1% risk of failure)
Press: ? - help, Shift-Dir - straight line, f - yak
Aim: a yak (severely wounded, 90% to hit)
The searing ray hits the yak!
You kill the yak!
The searing ray hits the two-headed ogre!
The two-headed ogre is moderately wounded.
The searing ray hits the yak!
The yak is moderately wounded. (Press . to maintain the ray.)
You now have 25/34 mp.
The searing ray hits the two-headed ogre!
The two-headed ogre is heavily wounded.
The searing ray hits the yak.
The yak is heavily wounded.
The searing ray misses the yak.
You now have 24/34 mp.
The searing ray hits the two-headed ogre.
The two-headed ogre is heavily wounded.
The searing ray hits the yak!
The yak is moderately wounded.
The searing ray hits the yak.
The yak is heavily wounded.
The two-headed ogre hits you with a +0 giant club!
* * * LOW HITPOINT WARNING * * *
The two-headed ogre hits you with a +0 giant club!!
* * * LOW HITPOINT WARNING * * *
You take 37 damage, and have 5/62 hp.
MASSIVE DAMAGE!!
You now have 23/34 mp.
Okay, then.
Okay, then.
The searing ray hits the two-headed ogre!
The two-headed ogre is severely wounded.
The searing ray hits the yak.
The yak is moderately wounded.
The searing ray hits the yak!
The yak is severely wounded.
You finish channelling your searing ray.
The two-headed ogre hits you with a +0 giant club!!
You die...

####..#####
#.......#
#.#####.## ###
#..# ##### ##.##
#...# #..# ##
#.>.# ##.# .#
#...# #[#
#######'#+######@#
# #...+...'...##O#
#.>.#.8.#.>.##Y#
###...'...+...##Y#
.######'#'######.#
.........OY.Y....#
........⌠........#
.................#
#######'#+########


You could see a two-headed ogre and 2 yaks.

Vanquished Creatures
  A wyvern (D:8)
  2 steam dragons
  3 yaks (D:8)
  2 water moccasins
  A black bear (D:5)
  2 sky beasts
  An orc warrior (D:6)
  3 ice beasts
  4 ogres
  A phantom (D:4)
  A bullfrog (D:5)
  4 scorpions
  A howler monkey (D:5)
  A gnoll bouda (D:7)
  2 hounds (D:5)
  3 jellies
  6 iguanas
  4 sleepcaps
  6 orc wizards
  4 gnolls (D:7)
  9 adders
  2 river rats (Sewer)
  3 shadow imps
  A white imp (D:7)
  3 worms
  2 dart slugs
  15 orcs
  15 endoplasms
  6 giant cockroaches
  8 goblins
  4 hobgoblins
  6 jackals
  6 kobolds
  6 quokkas
  21 ball pythons
  A bat (D:1)
  8 frilled lizards
  10 rats
178 creatures vanquished.

Notes
Turn   | Place    | Note
-------+----------+-------------------------------------------
     0 | D:1      | spardeous the Demigod Conjurer began the quest for the Orb.
     0 | D:1      | Reached XP level 1. HP: 14/14 MP: 5/5
   382 | D:1      | Reached XP level 2. HP: 20/20 MP: 5/7
   673 | D:1      | Reached skill level 4 in Conjurations
   960 | D:1      | Got Tamiav's Handbook of Attendants and Combustion
   964 | D:1      | Learned a level 2 spell: Searing Ray
   993 | D:1      | Reached XP level 3. HP: 26/26 MP: 6/9
  2017 | D:2      | Reached XP level 4. HP: 33/33 MP: 7/11
  2484 | D:3      | Found a glowing drain.
  2526 | Sewer    | Entered a sewer
  2652 | Sewer    | Learned a level 4 spell: Iskenderun's Mystic Blast
  3135 | Sewer    | Reached skill level 5 in Conjurations
  3135 | Sewer    | Reached XP level 5. HP: 31/38 MP: 8/13
  3427 | D:3      | Found a runed translucent gate.
  3427 | D:3      | Found a runed translucent gate.
  3427 | D:3      | Found a runed translucent gate.
  3432 | D:3      | Noticed OlManJenkins's ghost (amateur DjIE)
  4270 | D:4      | Noticed an ogre
  4276 | D:4      | Killed an ogre
  4277 | D:4      | Reached XP level 6. HP: 45/45 MP: 6/15
  4608 | D:4      | Reached skill level 6 in Conjurations
  4630 | D:4      | Found a staircase to the Ecumenical Temple.
  4931 | D:5      | Entered Level 5 of the Dungeon
  5012 | D:5      | Noticed a water moccasin
  5018 | D:5      | Killed a water moccasin
  5110 | D:5      | Reached skill level 5 in Spellcasting
  5110 | D:5      | Reached XP level 7. HP: 45/50 MP: 11/17
  5490 | D:5      | Reached skill level 7 in Conjurations
  5825 | D:5      | Reached XP level 8. HP: 57/57 MP: 12/20
  6446 | D:6      | Reached skill level 8 in Conjurations
  8069 | D:7      | Reached skill level 9 in Conjurations
  8069 | D:7      | Reached XP level 9. HP: 50/62 MP: 24/24
  8733 | D:8      | Noticed Gastronok
  8733 | D:8      | Noticed a two-headed ogre
  9205 | D:8      | Demolished by a two-headed ogre

Illustrated notes

Levels and vault maps discovered:
D:1:      dpeg_arrival_snail, layout_basic, chequers_ecumenical_altar_twisty,
          kennysheep_another_room, minmay_pentomino_r4
D:2:      layout_basic, minmay_lizard_pond
D:3:      layout_basic, gammafunk_ghost_necromancy, portal_sewer_entry_f
D:4:      layout_rooms, temple_pool_b, serial_glass, glass_columns_a,
          glass_columns_a
D:5:      layout_basic, grunt_dithmenos_smoke_and_mirrors
D:6:      layout_rooms, kennysheep_little_box,
          mainiacjoe_overflow_small_starburst, kennysheep_minor_cross
D:7:      layout_loops_corners, mainiacjoe_overflow_catwalk_spiral
D:8:      minmay_skewed_foursquare, layout_rooms,
          mainiacjoe_overflow_surrounded_room, grunt_temple_overflow_open,
          nicolae_elevator_lobby_plus, uniq_gastronok

Skill      XL: |  1  2  3  4  5  6  7  8  9 |
---------------+----------------------------+-----
Spellcasting   | 2 3 4 5 6 7 8 |  8.4
Conjurations   | 4 5 6 7 9 |  9.8
Dodging        | |  1.7
Stealth        | |  1.7

Action                     |  1- 3 |  4- 6 |  7- 9 || total
---------------------------+-------+-------+-------++-------
   Cast: Magic Dart        |    85 |   154 |   110 ||   349
         Searing Ray       |     3 |    13 |    52 ||    68
 Armour: Robe              |     3 |       |       ||     3
         Ring mail         |     5 |    14 |       ||    19
         Scale mail        |       |     3 |    18 ||    21
         Steam dragon scal |       |       |     5 ||     5
  Dodge: Dodged            |    22 |    33 |    30 ||    85
  Block: Other             |       |     4 |    25 ||    29
         Reflection        |       |     1 |     2 ||     3
